 Dungeon Crawl Stone Soup version 0.26-a0-30-g56b8cd3df0 (webtiles) character file.

Game seed: 15830566177288175191, levelgen mode: deterministic

519 wullow the Conjurer (level 7, 50/50 HPs)
             Began as a Gnoll Conjurer on May 30, 2020.
             Was a Follower of Okawaru (penitent).
             Quit the game on level 4 of the Dungeon.
             The game lasted 00:17:51 (3642 turns).

wullow the Conjurer (Gnoll Conjurer)                Turns: 3642, Time: 00:17:52

Health: 50/50      AC:  7    Str: 10    XL:     7   Next: 21%
Magic:  4/15       EV: 15    Int: 19    God:    Okawaru [*]
Gold:   173        SH:  0    Dex: 16    Spells: 8/17 levels left

rFire    . . .     SeeInvis .   h - +0 dagger
rCold    . . .     Gourm    .   (no shield)
rNeg     . . .     Faith    .   a - +0 robe
rPois    .         Spirit   .   (no helmet)
rElec    .         Reflect  .   o - +2 cloak
rCorr    .         Harm     .   n - +0 pair of gloves
MR       .....                  f - +0 pair of boots
Stlth    +++.......             (no amulet)
HPRegen  0.16/turn              (no ring)
MPRegen  0.14/turn              (no ring)

@: no status effects
A: distributed training, fangs 1, strong nose
a: Renounce Religion


You were on level 4 of the Dungeon.
You worshipped Okawaru.
Okawaru was demanding penance.
You were not hungry.

You visited 1 branch of the dungeon, and saw 5 of its levels.

You collected 173 gold pieces.

Inventory:

Hand Weapons
 h - a +0 dagger (weapon)
 r - a +3 mace
Missiles
 b - 74 arrows
 i - 2 throwing nets (quivered)
 k - 139 stones
 l - 16 sling bullets
Armour
 a - a +0 robe (worn)
 f - a +0 pair of boots (worn)
 n - a +0 pair of gloves (worn)
 o - a +2 cloak (worn)
Wands
 p - a wand of flame (27)
Scrolls
 g - 5 scrolls of identify {unknown}
 j - 3 scrolls of teleportation {unknown}
 m - a scroll of remove curse {unknown}
 q - a scroll of enchant weapon {unknown}
Potions
 d - 3 potions of might {unknown}
 e - a potion of curing {unknown}
Comestibles
 c - 7 rations


   Skills:
 + Level 2.3 Fighting
 + Level 2.3 Short Blades
 + Level 2.3 Long Blades
 + Level 2.3 Axes
 + Level 2.3 Maces & Flails
 + Level 2.3 Polearms
 + Level 2.3 Staves
 + Level 2.3 Slings
 + Level 2.3 Bows
 + Level 2.3 Crossbows
 + Level 2.3 Throwing
 + Level 2.3 Armour
 + Level 5.1 Dodging
 + Level 4.8 Stealth
 + Level 2.3 Shields
 + Level 2.3 Unarmed Combat
 + Level 5.5 Spellcasting
 + Level 7.3 Conjurations
 + Level 1.8 Hexes
 + Level 1.8 Charms
 + Level 1.8 Summonings
 + Level 1.8 Necromancy
 + Level 1.8 Translocations
 + Level 1.8 Transmutations
 + Level 1.8 Fire Magic
 + Level 1.8 Ice Magic
 + Level 1.8 Air Magic
 + Level 1.8 Earth Magic
 + Level 1.8 Poison Magic
 + Level 2.5 Invocations
 + Level 2.3 Evocations


You had 8 spell levels left.
You knew the following spells:

 Your Spells              Type           Power        Failure   Level  Hunger
a - Magic Dart            Conj           ####         1%          1    None
b - Searing Ray           Conj           ####..       1%          2    None
c - Call Imp              Summ           ##......     9%          2    None
d - Fulminant Prism       Conj/Hex       ###.......   17%         4    ####...

Your spell library contained the following spells:

 Spells                   Type           Power        Failure   Level  Hunger
 Summon Small Mammal      Summ           ##..         5%          1    None
 Dazzling Flash           Conj/Hex       ###...       5%          3    ##.....
 Call Canine Familiar     Summ           ##......     16%         3    ##.....
 Summon Guardian Golem    Hex/Summ       ##......     16%         3    ##.....
 Iskenderun's Mystic Bla  Conj/Tloc      ###.....     17%         4    ####...
 Summon Ice Beast         Ice/Summ       ##......     47%         4    ####...
 Summon Lightning Spire   Summ/Air       ##......     47%         4    ####...
 Chain Lightning          Conj/Air       ###.......   100%        8    #######
 Lehudib's Crystal Spear  Conj/Erth      ###.......   100%        8    #######
 Absolute Zero            Ice            ##........   100%        9    #######
 Fire Storm               Conj/Fire      ###.......   100%        9    #######


Dungeon Overview and Level Annotations

Branches:
Dungeon (5/15)             Temple (0/1) D:4

Altars:
Hepliaklqana
Okawaru
Vehumet

Annotations:
D:5 Edmund


Innate Abilities, Weirdness & Mutations

Your experience applies equally to all skills.
You have very sharp teeth.
Your uncanny sense of smell can sniff out nearby items.


Message History

The spell is quite dangerous to cast (17% risk of failure)!
Continue anyway?
Aiming: Fulminant Prism (quite dangerous; 17% risk of failure)
Press: ? - help, Dir - move target cursor You conjure a prism of explosive energy!
A fulminant prism comes into view.
The orc warrior hits your crimson imp with a +0 glaive!!
Your crimson imp dies!
Your shadow imp closely misses the orc warrior.
Your shadow imp completely misses the orc warrior.
Your fulminant prism crackles loudly.
The orc warrior barely misses your shadow imp.
Your fulminant prism explodes!
The blast of energy engulfs the orc warrior!
The orc warrior is moderately wounded.
The blast of energy engulfs your shadow imp!
You kill your shadow imp!
You feel very guilty. "You will pay for your transgression, mortal!"
You hear a shout! x2
Are you sure you want to abandon this character and quit the game? (Confirm with "yes".)

.###..#...# #..... ##
##.....# #.#$.# #
##.....### .....###
####....##..#####.#.#...
.
....###....#...#..#.###
..# .#..#
##.......#.##...###...#
##.##
##........#........#
##.# #...#...##..>o.##.
...##
#...#.#.@......#....#
###.##
#...#...###...##...#.
##.####...#.... ###.#
.## ##))#............#.#
# ##
###..).#.....###....
.###......#####..###.#.#
............# #... ...#
###............. . ..
######..........


You could see an orc warrior.

Vanquished Creatures
  Sigmund (D:3)
  A crimson imp (D:5)
  3 hounds
  2 orc wizards
  3 gnolls (D:4)
  6 adders
  An ooze (D:2)
  An adder skeleton (D:4)
  3 worms
  2 dart slugs (D:3)
  3 leopard geckos
  4 orcs
  3 ball pythons
  2 giant cockroaches
  7 goblins
  10 hobgoblins
  3 jackals
  4 kobolds
  A quokka (D:2)
  6 bats
  4 frilled lizards
  4 rats
74 creatures vanquished.

Vanquished Creatures (others)
  A fulminant prism (D:4)
1 creature vanquished.

Grand Total: 75 creatures vanquished

Notes
Turn   | Place    | Note
-------+----------+-------------------------------------------
     0 | D:1      | wullow the Gnoll Conjurer began the quest for the Orb.
     0 | D:1      | Reached XP level 1. HP: 13/13 MP: 6/6
   282 | D:1      | Reached XP level 2. HP: 19/19 MP: 4/7
   946 | D:2      | Reached XP level 3. HP: 25/25 MP: 7/9
  1027 | D:2      | Reached skill level 5 in Spellcasting
  1105 | D:2      | Learned a level 2 spell: Searing Ray
  1124 | D:2      | Reached skill level 1 in Invocations
  1363 | D:2      | Reached skill level 1 in Fighting
  1363 | D:2      | Reached skill level 1 in Short Blades
  1363 | D:2      | Reached skill level 1 in Long Blades
  1363 | D:2      | Reached skill level 1 in Axes
  1363 | D:2      | Reached skill level 1 in Maces & Flails
  1363 | D:2      | Reached skill level 1 in Polearms
  1363 | D:2      | Reached skill level 1 in Staves
  1363 | D:2      | Reached skill level 1 in Slings
  1363 | D:2      | Reached skill level 1 in Bows
  1363 | D:2      | Reached skill level 1 in Crossbows
  1363 | D:2      | Reached skill level 1 in Throwing
  1363 | D:2      | Reached skill level 1 in Armour
  1363 | D:2      | Reached skill level 1 in Shields
  1363 | D:2      | Reached skill level 1 in Unarmed Combat
  1363 | D:2      | Reached skill level 1 in Evocations
  1437 | D:2      | Found an iron altar of Okawaru.
  1565 | D:2      | Reached XP level 4. HP: 32/32 MP: 9/11
  1813 | D:2      | Became a worshipper of Warmaster Okawaru
  1842 | D:3      | You fall into a shaft and drop 2 floors!
  1842 | D:5      | Entered Level 5 of the Dungeon
  1843 | D:5      | Noticed a necrophage
  1844 | D:5      | Reached skill level 1 in Hexes
  1844 | D:5      | Reached skill level 1 in Charms
  1844 | D:5      | Reached skill level 1 in Summonings
  1844 | D:5      | Reached skill level 1 in Necromancy
  1844 | D:5      | Reached skill level 1 in Translocations
  1844 | D:5      | Reached skill level 1 in Transmutations
  1844 | D:5      | Reached skill level 1 in Fire Magic
  1844 | D:5      | Reached skill level 1 in Ice Magic
  1844 | D:5      | Reached skill level 1 in Air Magic
  1844 | D:5      | Reached skill level 1 in Earth Magic
  1844 | D:5      | Reached skill level 1 in Poison Magic
  1901 | D:5      | Found a radiant altar of Vehumet.
  1982 | D:5      | Noticed a phantom
  1983 | D:5      | Noticed Edmund
  2006 | D:5      | Noticed a phantom
  2039 | D:5      | Found a hazy altar of Hepliaklqana.
  2094 | D:5      | Reached XP level 5. HP: 26/37 MP: 5/12
  2332 | D:4      | Noticed an orc warrior
  2898 | D:3      | Noticed Sigmund
  2914 | D:3      | Killed Sigmund
  2914 | D:3      | Reached * piety under Okawaru
  2914 | D:3      | Reached skill level 5 in Dodging
  2914 | D:3      | Reached XP level 6. HP: 39/44 MP: 5/14
  2928 | D:3      | Learned a level 2 spell: Call Imp
  2933 | D:3      | Learned a level 4 spell: Fulminant Prism
  3370 | D:4      | Reached XP level 7. HP: 50/50 MP: 10/15
  3620 | D:4      | Found a staircase to the Ecumenical Temple.
  3641 | D:4      | Was placed under penance by Okawaru
  3642 | D:4      | Quit the game

Illustrated notes

Levels and vault maps discovered:
D:1:      lightli_arrival_windingriver, layout_basic, serial_forest,
          infiniplex_forest_lined_4_way, infiniplex_forest_clump_long,
          infiniplex_forest_clump_long, infiniplex_forest_lined_corner,
          infiniplex_forest_end_1, infiniplex_forest_straight_4,
          infiniplex_forest_clump_large, infiniplex_forest_split,
          roderic_three_in_a_row
D:2:      layout_loops_cross, okawaru_gym_becter, first_ration,
          minmay_increasing_density
D:3:      layout_basic, uniq_sigmund
D:4:      layout_layer_cave, lemuel_coloured_pillars_altar,
          minmay_temple_entry_slanted
D:5:      minmay_diamond_boxcup, layout_gridville, fiery_altar_vehumet,
          kennysheep_little_box, uniq_edmund, uniq_duvessa, uniq_eustachio

Skill      XL: |  1  2  3  4  5 |
---------------+----------------+-----
Spellcasting   | 5 |  5.5
Invocations    | 1 2 |  2.5
Fighting       | 1 2 |  2.3
Short Blades   | 1 2 |  2.3
Long Blades    | 1 2 |  2.3
Axes           | 1 2 |  2.3
Maces & Flails | 1 2 |  2.3
Polearms       | 1 2 |  2.3
Staves         | 1 2 |  2.3
Slings         | 1 2 |  2.3
Bows           | 1 2 |  2.3
Crossbows      | 1 2 |  2.3
Throwing       | 1 2 |  2.3
Armour         | 1 2 |  2.3
Shields        | 1 2 |  2.3
Unarmed Combat | 1 2 |  2.3
Evocations     | 1 2 |  2.3
Hexes          | 1 |  1.8
Charms         | 1 |  1.8
Summonings     | 1 |  1.8
Necromancy     | 1 |  1.8
Translocations | 1 |  1.8
Transmutations | 1 |  1.8
Fire Magic     | 1 |  1.8
Ice Magic      | 1 |  1.8
Air Magic      | 1 |  1.8
Earth Magic    | 1 |  1.8
Poison Magic   | 1 |  1.8
Dodging        | 5 |  5.1
Stealth        | |  4.8
Conjurations   | |  7.3

Action                   |  1- 3 |  4- 6 |  7- 9 || total
-------------------------+-------+-------+-------++-------
Melee: Unarmed           |     4 |       |       ||     4
       Bite              |     1 |       |       ||     1
 Cast: Magic Dart        |    61 |    63 |    10 ||   134
       Searing Ray       |     2 |     9 |     3 ||    14
       Call Imp          |       |       |     2 ||     2
       Fulminant Prism   |       |       |     1 ||     1
  Eat: Chunk             |     2 |     5 |     1 ||     8
Armor: Robe              |     2 |     3 |     1 ||     6
Dodge: Dodged            |     8 |     9 |     2 ||    19

Table legend:
 A = Non-vault XP
 B = Vault XP
 C = Vault XP percentage of total XP
 D = Non-vault monster count
 E = Vault monster count
 F = Vault count percentage of total count
                 A         B        C        D         E       F
            +---------+---------+-------+---------+---------+-------
      Total |     477 |     265 |  35.7 |      65 |       9 |  12.2
            +---------+---------+-------+---------+---------+-------
        D:1 |      18 |       0 |   0.0 |      11 |       0 |   0.0
        D:2 |      51 |      27 |  34.6 |      17 |       8 |  32.0
        D:3 |     131 |     238 |  64.5 |      23 |       1 |   4.2
        D:4 |     180 |       0 |   0.0 |       9 |       0 |   0.0
        D:5 |      97 |       0 |   0.0 |       5 |       0 |   0.0
            +---------+---------+-------+---------+---------+-------
